Map: Blackburn LE

Players

Throwfordays - Winner!

  • Race: Terran Terran
  • League: Gold

uvuvwevwevwe

  • Race: Zerg Zerg

VOD

Have the link to the VOD?

Description

Time

  • Played on: Aug. 27, 2021, 9:49 p.m.
  • Length: 4:39
Show
View Real Time Build Order
Export as new Build Order

Throwfordays Terran - Winner!

Build Orders:  

Get SALT Encoding   

  12  0:00  SCV  
  13  0:15  Supply Depot  
  13  0:17  SCV  
  14  0:26  Refinery  
  15  0:38  Barracks  
  15  0:41  SCV  
  15  0:53  SCV  
  16  1:00  Supply Depot  
  16  1:05  SCV  
  17  1:20  SCV  
  17  1:25  Reaper  
  19  1:29  Barracks  
  19  1:32  SCV  
  19  1:39  Refinery  
  20  1:45  SCV  
  21  1:53  Barracks  
  21  1:57  Reaper  
  22  2:15  Marine  
  22  2:17  SCV  
  24  2:29  Reaper  
  25  2:33  SCV  
  26  2:39  Marine  
  26  2:41  Marine  
  29  2:51  SCV  
  29  2:54  Supply Depot  
  29  2:58  Reaper  
  30  3:01  Reaper  
  31  3:16  Reaper, SCV  
  31  3:39  Reaper x2  
  31  3:40  Bunker  
  32  3:59  Reaper  
Show
View Real Time Build Order
Export as new Build Order

uvuvwevwevwe Zerg 

Build Orders: Pool First 

Get SALT Encoding   

  12  0:01  Drone  
  13  0:13  Overlord  
  13  0:18  Drone  
  14  0:37  Spawning Pool  
  14  0:38  Drone  
  14  0:48  Drone x2  
  16  0:52  Extractor  
  16  0:54  Drone  
  16  1:10  Overlord  
  16  1:12  Drone  
  17  1:24  Queen  
  19  1:29  Zergling x2  
  20  1:40  Drone  
  21  1:53  Drone  
  22  1:56  Metabolic Boost  
  22  1:59  Zergling x2  
  23  2:12  Zergling x2  
  24  2:28  Zergling x4, Hatchery  
  25  2:41  Zergling x4  
  25  2:42  Zergling x2  
  28  2:55  Drone  
  28  2:57  Extractor  
  28  2:59  Overlord  
  28  3:08  Lair  
  28  3:40  Drone x3  
  31  3:48  Roach Warren  
  31  3:52  Evolution Chamber  
  29  3:57  Evolution Chamber  
  28  4:06  Drone x3  
Tags
 
League
Gold
Matchup
TvZ
Opening
Pool First
Replay Pack
Multiplayer
Add a new tag
Caveats
  • Supply blocks, unpowered buildings, or Contaminate may cause inaccurate times.
  • Supply counts are checked every 10 seconds.